 Dungeon Crawl Stone Soup version 0.23-b1-13-gf37ab262a9 (webtiles) character file.

Game seed: 17777846108899305816

27365 Brain the Carver (level 13, -2/92 HPs)
             Began as a Barachi Fire Elementalist on Feb 2, 2019.
             Was a High Priest of Vehumet.
             Slain by a wyvern (13 damage)
             ... on level 6 of the Lair of Beasts on Feb 3, 2019.
             The game lasted 02:11:13 (16272 turns).

Brain the Carver (Barachi Fire Elementalist)       Turns: 16272, Time: 02:11:13

Health: -2/92      AC:  9    Str: 15    XL:     13   Next: 31%
Magic:  19/35      EV: 20    Int: 21    God:    Vehumet [*****.]
Gold:   613        SH:  0    Dex: 17    Spells: 4/30 levels left

rFire    + . .     SeeInvis .   I - +0 scimitar
rCold    . . .     Gourm    .   (no shield)
rNeg     . . .     Faith    .   w - +0 leather armour
rPois    .         Spirit   .   B - +2 helmet
rElec    .         Reflect  .   a - +2 cloak
rCorr    .         Harm     .   (no gloves)
MR       .....                  (no boots)
Stlth    ++++......             p - amulet of regeneration
HPRegen  0.65/turn              g - ring of protection from fire
MPRegen  0.24/turn              P - ring of magical power

@: mighty, agile, lethally poisoned (-2 -> -3), can't hop, slow
A: +LOS, swims, slowness 1, strong legs 2
a: Hop, Renounce Religion


You were on level 6 of the Lair of Beasts.
You worshipped Vehumet.
Vehumet was extremely pleased with you.
You were not hungry.

You visited 3 branches of the dungeon, and saw 15 of its levels.
You also visited: Ossuary.

You collected 783 gold pieces.
You spent 170 gold pieces at shops.

Inventory:

Hand Weapons
 d - a +1 short sword of speed
 v - a +3 blowgun
 I - a +0 scimitar (weapon)
 W - a cursed +2 falchion of slicing
Missiles
 b - 195 stones (quivered)
 f - 180 arrows
 q - 9 curare-tipped needles
 t - 6 javelins
Armour
 a - a +2 cloak (worn)
 w - a +0 leather armour (worn)
 y - a +0 shield
 B - a +2 helmet (worn)
Magical Staves
 O - an uncursed staff of earth
 R - an uncursed staff of poison
 Z - an uncursed staff of air
Jewellery
 g - a ring of protection from fire (left hand)
 h - an uncursed ring of resist corrosion
 i - an uncursed ring of see invisible
 j - an uncursed amulet of the gourmand
 p - an amulet of regeneration (around neck)
 C - an uncursed ring of flight
 D - a +1 ring of protection
 G - a +2 ring of dexterity
 M - a +5 ring of intelligence
 P - a ring of magical power (right hand)
Wands
 J - a wand of disintegration (2)
 S - a wand of digging (7)
 V - a wand of polymorph (8)
Scrolls
 e - 6 scrolls of remove curse
 k - a scroll of enchant armour
 l - 6 scrolls of amnesia
 z - 2 scrolls of fear
 K - 3 scrolls of teleportation
 L - 2 scrolls of enchant weapon
 N - a scroll of fog
 Q - a scroll of torment {unknown}
 X - a scroll of magic mapping
 Y - 2 scrolls of identify
Potions
 m - a potion of berserk rage
 o - a potion of cancellation
 u - 2 potions of curing
 x - 4 potions of brilliance
 A - 3 potions of flight
 E - 2 potions of agility
 F - 2 potions of might
 H - a potion of invisibility
 U - a potion of ambrosia
Comestibles
 c - 20 rations


   Skills:
 - Level 5.6 Fighting
 - Level 13.0 Long Blades
 - Level 5.3 Dodging
 - Level 6.2 Stealth
 + Level 9.2 Spellcasting
 + Level 11.5 Conjurations
 - Level 5.0 Necromancy
 - Level 4.3 Translocations
 - Level 9.0 Fire Magic


You had 4 spell levels left.
You knew the following spells:

 Your Spells              Type           Power        Failure   Level  Hunger
a - Flame Tongue          Conj/Fire      #####        1%          1    None
b - Throw Flame           Conj/Fire      ######       1%          2    None
c - Conjure Flame         Conj/Fire      ######..     1%          3    None
d - Sticky Flame          Conj/Fire      ######..     1%          4    ##.....
e - Blink                 Tloc           N/A          2%          2    None
f - Mephitic Cloud        Conj/Pois/Air  ####....     1%          3    None
g - Animate Skeleton      Necr           N/A          1%          1    None
h - Fireball              Conj/Fire      ######....   1%          5    #####..
i - Bolt of Draining      Conj/Necr      #####.....   2%          5    #####..

Your spell library contained the following spells:

 Spells                   Type           Power        Failure   Level  Hunger
 Bolt of Magma            Conj/Fire/Erth #####.....   4%          5    #####..
 Apportation              Tloc           ####..       1%          1    None
 Magic Dart               Conj           ####         1%          1    None
 Searing Ray              Conj           ######       1%          2    None
 Dazzling Spray           Conj/Hex       ####..       1%          3    None
 Inner Flame              Hex/Fire       ####....     1%          3    None
 Force Lance              Conj/Tloc      #####...     1%          4    ##.....
 Iskenderun's Mystic Bla  Conj           ######..     1%          4    ##.....
 Fulminant Prism          Conj/Hex       ####......   2%          4    ##.....
 Confusing Touch          Hex            #.....       9%          1    None
 Summon Small Mammal      Summ           #...         9%          1    None
 Call Imp                 Summ           #.......     13%         2    None
 Slow                     Hex            #.......     13%         2    None


Dungeon Overview and Level Annotations

Branches:
Dungeon (8/15)             Temple (1/1) D:4            Lair (6/6) D:8
  Swamp (0/4) Lair:2       Spider (0/4) Lair:3        Slime (0/5) Lair:5

Altars:
Ashenzari
Cheibriados
Dithmenos
Elyvilon
Fedhas
Gozag
Hepliaklqana
Kikubaaqudgha
Makhleb
Okawaru
Qazlal
Ru
Sif Muna
Trog
Uskayaw
Vehumet
Wu Jian
Xom
Yredelemnul
Zin
The Shining One
Jiyva

Shops:
D:8 *

Annotations:
D:7 Harold
Lair:4 2 transporters, Tunlugh's ghost, adept GrEE
Lair:5 3 runed translucent doors, Necrophagist's ghost, journeyman DrCj


Innate Abilities, Weirdness & Mutations

Shadows flee at your approach. (+LOS)
You can swim through water.
You cover ground slowly.
You can hop long distances.


Message History

The komodo dragon bites you. The wyvern misses you.
The yak gores the plant but does no damage.
Unknown command.
Casting: Bolt of Draining (safe; 2% risk of failure)
Confirm with . or Enter, or press ? or * to list all spells.
Aiming: Sticky Flame (safe; 1% risk of failure)
Press: ? - help, Shift-Dir - straight line, f - komodo dragon, p - yak
Aim: a komodo dragon (flame, lightly wounded)
The sticky flame hits the komodo dragon.
The komodo dragon is lightly wounded.
The komodo dragon is covered in liquid flames!
You feel sick.
The komodo dragon burns!
The wyvern bites you!
* * * LOW HITPOINT WARNING * * *
The komodo dragon is engulfed in blazing flames.
The komodo dragon completely misses you.
You riposte.
You slash the komodo dragon!
The komodo dragon is heavily wounded.
The wyvern hisses menacingly.
The wyvern bites you!
You die...

≈.Y.Y. ...P.. ##≈.....
...P..# #≈..P.P.
...#P..# ≈....PP#.
)..P..# ≈
≈≈...######..P..## #≈
#≈≈#..# #...S...
≈##.....# ..P.# # .
≈≈≈#...####l.# .#P.
≈≈....P##@#.## .....
#≈≈....###lF.#...?#
≈≈#≈##≈≈...P.##YYPP..#
8≈≈≈h≈≈..Y.F...Y.P...#
8≈≈≈≈≈≈.<...S........#
≈≈#≈##≈........#......#
#.P..#Y...#....###
≈≈...#?#Y.#..#...#
≈≈≈≈..........#...#


You could see a komodo dragon (burning), 3 yaks, a spiny frog, a water moccasin
and a wyvern.

Vanquished Creatures
  6 hydras
  A death yak (Lair:4)
  A fire crab (Lair:3)
  An elephant (Lair:4)
  2 black mambas
  4 spiny frogs
  3 komodo dragons
  12 blink frogs
  2 wyverns
  A spriggan (D:8)
  6 hippogriffs
  A wraith (Ossuary)
  21 yaks
  2 basilisks
  4 vampire mosquitoes (Lair:2)
  Purgy (D:4)
  9 water moccasins
  13 porcupines
  A sky beast (D:6)
  2 orc warriors
  3 ice beasts
  3 black bears
  3 ogres
  2 phantoms
  28 wolves
  3 centaurs
  12 crocodiles
  12 bullfrogs
  4 scorpions
  2 wights (Ossuary)
  5 crimson imps
  2 hounds (D:8)
  A centaur zombie (D:6)
  A bullfrog zombie (D:6)
  4 orc priests
  3 orc wizards
  2 bullfrog skeletons
  4 iguanas
  4 worker ants
  A hound skeleton (D:6)
  A worker ant zombie (D:5)
  6 gnolls
  5 adders
  4 shadow imps
  An ooze (D:2)
  2 adder skeletons
  3 worms
  2 dart slugs (D:1)
  6 leopard geckos
  26 orcs
  A ball python (D:2)
  6 bats
  4 giant cockroaches
  10 goblins
  6 hobgoblins
  2 jackals (D:1)
  4 kobolds
  10 quokkas
  4 frilled lizards (D:2)
  A hobgoblin skeleton (Ossuary)
  2 hobgoblin zombies (Ossuary)
  2 kobold zombies (Ossuary)
  A leopard gecko zombie (D:5)
  3 orc skeletons (Ossuary)
  2 orc zombies (Ossuary)
  3 rats
309 creatures vanquished.

Vanquished Creatures (collateral kills)
  4 elephants (Lair:4)
  A black mamba (Lair:5)
  A torpor snail (Lair:4)
  3 spiny frogs
  A hippogriff (Lair:5)
  2 blink frogs
  2 yaks (Lair:4)
  2 vampire mosquitoes (Lair:2)
  A porcupine (Lair:4)
  2 crocodiles (Lair:5)
  2 bullfrogs
  A scorpion (Lair:3)
  2 worker ants (Lair:3)
  2 worms (Lair:3)
  A giant cockroach (Lair:3)
  2 fungi
  A plant (Lair:3)
30 creatures vanquished.

Vanquished Creatures (others)
  14 fungi
  11 plants
25 creatures vanquished.

Grand Total: 364 creatures vanquished

Notes
Turn   | Place    | Note
-------+----------+-------------------------------------------
     0 | D:1      | Brain the Barachi Fire Elementalist began the quest for the
                  | Orb.
     0 | D:1      | Reached XP level 1. HP: 13/13 MP: 3/3
   206 | D:1      | You fall through a shaft!
   329 | D:2      | Reached XP level 2. HP: 19/19 MP: 0/5
   522 | D:2      | Learned a level 2 spell: Throw Flame
   750 | D:1      | Reached XP level 3. HP: 24/24 MP: 2/6
   818 | D:1      | Learned a level 3 spell: Conjure Flame
  1166 | D:2      | HP: 1/24 [ooze (3)]
  1596 | D:2      | Reached XP level 4. HP: 30/30 MP: 2/7
  2423 | D:3      | Found a sacrificial altar of Ru.
  2579 | D:3      | Found a stormy altar of Qazlal.
  2684 | D:3      | Noticed a phantom
  2990 | D:4      | Reached skill level 5 in Fire Magic
  2990 | D:4      | Reached XP level 5. HP: 16/35 MP: 6/8
  3461 | D:4      | Noticed Purgy
  3476 | D:4      | Killed Purgy
  3476 | D:4      | Reached XP level 6. HP: 40/41 MP: 4/9
  3597 | D:4      | Noticed a phantom
  3650 | D:4      | Killed a phantom
  3650 | D:4      | Reached skill level 5 in Conjurations
  3919 | D:4      | Reached XP level 7. HP: 46/46 MP: 6/12
  3967 | D:4      | Learned a level 4 spell: Sticky Flame
  4052 | D:4      | Found a staircase to the Ecumenical Temple.
  4101 | Temple   | Entered the Ecumenical Temple
  4120 | Temple   | Became a worshipper of Vehumet
  4419 | D:5      | Entered Level 5 of the Dungeon
  4640 | D:5      | Found a snail-covered altar of Cheibriados.
  4641 | D:5      | Found an iron altar of Okawaru.
  4643 | D:5      | Found a glowing silver altar of Zin.
  4718 | D:5      | Found a shimmering altar of Xom.
  4719 | D:5      | Found an opulent altar of Gozag.
  5255 | D:5      | Reached XP level 8. HP: 52/52 MP: 4/14
  5720 | D:3      | Found a stormy altar of Qazlal.
  5855 | D:3      | Found a blossoming altar of Fedhas.
  5856 | D:3      | Found a basalt altar of Yredelemnul.
  6435 | D:6      | Reached skill level 1 in Fighting
  6559 | D:6      | Reached * piety under Vehumet
  6559 | D:6      | Offered knowledge of Shock by Vehumet.
  6663 | D:6      | Reached skill level 5 in Spellcasting
  7372 | D:6      | Reached skill level 1 in Long Blades
  7372 | D:6      | Reached XP level 9. HP: 44/65 MP: 3/16
  7546 | D:6      | Reached skill level 2 in Long Blades
  7549 | D:6      | Reached skill level 3 in Long Blades
  7691 | D:7      | Reached skill level 4 in Long Blades
  7745 | D:7      | Reached skill level 5 in Long Blades
  7892 | D:7      | Noticed Harold
  8080 | D:8      | Identified a scroll of acquirement
  8087 | D:8      | Learned a level 2 spell: Blink
  8091 | D:8      | Learned a level 3 spell: Mephitic Cloud
  8093 | D:8      | Learned a level 1 spell: Animate Skeleton
  8103 | D:8      | Reached skill level 6 in Long Blades
  8150 | D:8      | Reached ** piety under Vehumet
  8150 | D:8      | Offered knowledge of Sting by Vehumet.
  8178 | D:8      | Found a staircase to the Lair.
  8220 | D:8      | Found a sand-covered staircase.
  8265 | Ossuary  | Entered an ossuary
  8759 | Ossuary  | Reached XP level 10. HP: 63/71 MP: 17/17
  8858 | D:8      | Found Gammoebb's Island Escapes.
  8868 | D:8      | Bought a potion of invisibility for 88 gold pieces
  8868 | D:8      | Bought a scroll of blinking for 82 gold pieces
  9301 | D:8      | Learned a level 5 spell: Fireball
  9583 | Lair:1   | Entered Level 1 of the Lair of Beasts
  9591 | Lair:1   | Noticed a six-headed hydra
  9600 | Lair:1   | Killed a six-headed hydra
  9600 | Lair:1   | Reached skill level 5 in Stealth
  9872 | Lair:1   | Offered knowledge of Throw Frost by Vehumet.
 10093 | Lair:1   | Reached skill level 7 in Long Blades
 10205 | Lair:1   | Noticed an eight-headed hydra
 10215 | Lair:1   | Killed an eight-headed hydra
 10215 | Lair:1   | Reached skill level 8 in Long Blades
 10528 | Lair:1   | Reached XP level 11. HP: 77/77 MP: 20/20
 10569 | Lair:1   | Reached skill level 9 in Long Blades
 11110 | Lair:1   | Reached *** piety under Vehumet
 11224 | Lair:2   | Reached skill level 10 in Long Blades
 11622 | Lair:2   | Reached skill level 11 in Long Blades
 11775 | Lair:2   | Noticed a seven-headed hydra
 11791 | Lair:2   | Offered knowledge of Ignite Poison by Vehumet.
 11801 | Lair:2   | Killed a seven-headed hydra
 11801 | Lair:2   | Reached skill level 12 in Long Blades
 11929 | Lair:2   | Found a staircase to the Swamp.
 12026 | Lair:2   | Reached skill level 13 in Long Blades
 12112 | Lair:2   | Noticed Sonja
 12117 | Lair:2   | Noticed Sonja
 12117 | Lair:2   | Sonja changed into Sonja the black bear
 12120 | Lair:2   | Killed Sonja the black bear
 12202 | Lair:2   | You fall through a shaft!
 12206 | Lair:3   | Noticed a fire crab
 12214 | Lair:3   | Reached **** piety under Vehumet
 12248 | Lair:3   | Noticed a seven-headed hydra
 12253 | Lair:3   | Noticed a seven-headed hydra
 12373 | Lair:3   | Reached skill level 5 in Fighting
 12482 | Lair:3   | Reached skill level 5 in Dodging
 12500 | Lair:3   | Reached XP level 12. HP: 53/86 MP: 18/21
 12585 | Lair:3   | Offered knowledge of Bolt of Draining by Vehumet.
 12588 | Lair:3   | Reached skill level 1 in Translocations
 12725 | Lair:3   | Found a hole to the Spider Nest.
 12812 | Lair:3   | Killed a seven-headed hydra
 13003 | Lair:3   | Killed a seven-headed hydra
 13015 | Lair:3   | Learned a level 5 spell: Bolt of Draining
 13146 | Lair:3   | Reached skill level 1 in Necromancy
 13649 | Lair:4   | Reached ***** piety under Vehumet
 13744 | Lair:4   | Offered knowledge of Bolt of Magma by Vehumet.
 13818 | Lair:4   | Noticed a death yak
 13841 | Lair:4   | Killed a death yak
 13841 | Lair:4   | Reached skill level 10 in Conjurations
 13943 | Lair:4   | Noticed Tunlugh's ghost (adept GrEE)
 13945 | Lair:4   | Found a transporter.
 14127 | Lair:4   | Gained mutation: You can hop long distances. [Barachi
                  | growth]
 14127 | Lair:4   | Reached XP level 13. HP: 78/92 MP: 25/25
 14136 | Lair:4   | Reached skill level 5 in Necromancy
 14254 | Lair:4   | Found a transporter.
 15903 | Lair:5   | Found a viscous altar of Jiyva.
 15904 | Lair:5   | Found a staircase to the Slime Pits.
 15961 | Lair:5   | Found a runed translucent gate.
 15964 | Lair:5   | Noticed Necrophagist's ghost (journeyman DrCj)
 15965 | Lair:5   | Found a runed translucent gate.
 15966 | Lair:5   | Found a runed translucent gate.
 16189 | Lair:6   | Entered Level 6 of the Lair of Beasts
 16272 | Lair:6   | Slain by a wyvern

Skill      XL: |  1  2  3  4  5  6  7  8  9 10 11 12 13 |
---------------+----------------------------------------+-----
Conjurations   | 2 3 4 5 6 7 8 10 11 | 11.5
Fire Magic     | 4 5 6 7 8 9 |  9.0
Spellcasting   | 3 4 5 6 8 9 |  9.2
Fighting       | 4 5 |  5.6
Dodging        | 3 4 5 |  5.3
Long Blades    | 1 6 8 13 | 13.0
Stealth        | 6 |  6.2
Translocations | 4 |  4.3
Necromancy     | 4 5 |  5.0

Action                   |  1- 3 |  4- 6 |  7- 9 | 10-12 | 13-15 || total
-------------------------+-------+-------+-------+-------+-------++-------
Melee: Unarmed           |     4 |       |       |       |       ||     4
       War axe           |    37 |    23 |    33 |       |       ||    93
       Spear             |     3 |    28 |   106 |       |       ||   137
       Scimitar          |       |       |    92 |   216 |    47 ||   355
       Quarterstaff      |       |       |    12 |       |       ||    12
Throw: Stone             |    16 |    49 |    51 |    14 |       ||   130
       Javelin           |     1 |    13 |       |       |       ||    14
 Cast: Flame Tongue      |    41 |    55 |    86 |    85 |    29 ||   296
       Throw Flame       |     4 |     9 |     6 |    53 |    24 ||    96
       Conjure Flame     |       |     7 |    10 |    29 |     7 ||    53
       Sticky Flame      |       |       |    30 |    92 |    23 ||   145
       Animate Skeleton  |       |       |       |    37 |    12 ||    49
       Fireball          |       |       |       |     3 |       ||     3
       Bolt of Draining  |       |       |       |       |     1 ||     1
       Blink             |       |       |       |       |     1 ||     1
 Abil: Hop               |     2 |     1 |     5 |     8 |     1 ||    17
Evoke: Wand              |       |       |     1 |     6 |       ||     7
  Use: Potion            |     2 |     1 |     2 |     6 |     2 ||    13
       Scroll            |       |       |    15 |     9 |     2 ||    26
 Stab: Sleeping          |     1 |     1 |     3 |     1 |     1 ||     7
       Distracted        |       |       |       |     2 |       ||     2
  Eat: Ration            |     1 |     2 |     3 |     3 |     2 ||    11
       Chunk             |       |     5 |    13 |    19 |     3 ||    40
Armor: Robe              |    17 |       |       |       |       ||    17
       Leather armour    |       |    19 |    79 |    66 |    12 ||   176
Dodge: Dodged            |    69 |    24 |   150 |   210 |    43 ||   496
       Rpst.: Scimitar   |       |       |    18 |    55 |    17 ||    90
